 Dungeon Crawl Stone Soup version 0.24-a0-446-g87df7205b4 (webtiles) character file.

Game seed: 11428326175337142675

102 tilp the Sneak (level 4, -1/29 HPs)
             Began as an Octopode Transmuter on June 24, 2019.
             Slain by a wight
             ... wielding a cursed +3 morningstar
              (10 damage)
             ... on level 6 of the Dungeon.
             The game lasted 00:08:42 (2628 turns).

tilp the Sneak (Octopode Transmuter)                Turns: 2628, Time: 00:08:42

Health: -1/29      AC:  1    Str:  7 (9)  XL:     4   Next: 78%
Magic:  13/16      EV: 13    Int: 14 (16) God:
Gold:   204        SH:  0    Dex:  9 (12) Spells: 1/7 levels left

rFire    . . .     SeeInvis .   b - +0 spear
rCold    + . .     Gourm    .   (no shield)
rNeg     . . .     Faith    .   (helmet restricted)
rPois    .         Spirit   .   (no amulet)
rElec    .         Reflect  .   m - ring of protection from cold
rCorr    .         Harm     .   q - ring of magical power
MR       .....                  (no ring)
Stlth    +++.......             (no ring)
HPRegen  0.09/turn              (no ring)
MPRegen  0.15/turn              (no ring)
                                (no ring)
                                (no ring)

@: lethally poisoned (-1 -> -6), appendage (expiring), very slightly
contaminated, lightly drained
A: almost no armour, stealthy swim, amphibious, 8 rings, constrict 8, tentacle
spike 3, camouflage 1, gelatinous body 1
a: End Transformation


You were on level 6 of the Dungeon.
You were hungry.
One of your tentacles had a temporary spike.
You visited 1 branch of the dungeon, and saw 4 of its levels.

You collected 204 gold pieces.

Inventory:

Hand Weapons
 b - a +0 spear (weapon)
 p - a +0 short sword of venom
 v - a +2 war axe of flaming
Missiles
 a - 60 arrows
 e - 7 boomerangs (quivered)
 i - 135 stones
Jewellery
 m - a ring of protection from cold (left tentacle)
 q - a ring of magical power (right tentacle)
Scrolls
 d - a scroll of identify
 f - a scroll of remove curse
 h - a scroll of fog {unknown}
 j - a scroll of teleportation {unknown}
 k - a scroll of magic mapping {unknown}
 n - a scroll of amnesia {unknown}
 r - a scroll of blinking {unknown}
 s - a scroll of enchant weapon {unknown}
Potions
 g - a potion of degeneration
 l - a potion of heal wounds
 o - a potion of cancellation
 t - 2 potions of mutation
 w - a potion of curing
Comestibles
 c - 7 rations


   Skills:
 - Level 2.0(1.8) Fighting
 - Level 2.0(1.8) Dodging
 * Level 4.5(4.3) Stealth
 - Level 3.0(2.8) Unarmed Combat
 - Level 2.0(1.8) Spellcasting
 + Level 2.9(2.7) Transmutations


You had one spell level left.
You knew the following spells:

 Your Spells              Type           Power        Failure   Level  Hunger
a - Beastly Appendage     Tmut           #.....       8%          1    ##.....
b - Sticks to Snakes      Tmut           #.......     12%         2    ###....
c - Spider Form           Tmut/Pois      #.........   38%         3    ####...

Your spell library contained the following spells:

 Spells                   Type           Power        Failure   Level  Hunger
 Ice Form                 Ice/Tmut       #.......     80%         4    #####..
 Blade Hands              Tmut           #.........   91%         5    ######.


Dungeon Overview and Level Annotations

Branches:
Dungeon (6/15)
 Temple: D:4-7

Altars:

Annotations:
D:6 exclusion: wight


Innate Abilities, Weirdness & Mutations

You cannot wear most types of armour.
You are very stealthy in the water. (Stealth+)
You are amphibious.
You can wear up to eight rings at the same time.
You can use your tentacles to constrict eight enemies at once.
Your skin changes colour to match your surroundings (Stealth+).
Your rubbery body absorbs attacks. (AC +1, EV +1)
One of your tentacles bears a large vicious spike.


Message History

You hit the worker ant.
Your tentacle spike misses the worker ant.
You squeeze the worker ant, but do no damage.
The worker ant is severely wounded.
You constrict the worker ant, but do no damage.
The worker ant closely misses you. The crimson imp hits you.
Unknown command.
You hit the worker ant but do no damage.
You pierce the worker ant.
The worker ant is almost dead.
You constrict the worker ant, but do no damage.
You feel sick. The worker ant bites you.
The wight hits you with a cursed +3 morningstar.
You feel drained.
The crimson imp hits you but does no damage.
The worker ant closely misses you.
You hit the worker ant.
You kill the worker ant!
The wight hits you with a cursed +3 morningstar!
You die...

.... #. ##...#...
.....#... ........
###.....#..... #
#......$#[.... #
#.......... .. ##
#.@.......##.. ##.
#z.5.......[.####..
##.................
##.................
##...........#.#....
##...........###.....
#.....###.......#.##.
##....###.(....##.##.
#....................


You could see a wight and a crimson imp.

Vanquished Creatures
  A worker ant (D:6)
  An adder (D:2)
  A worm (D:2)
  2 dart slugs (D:2)
  A leopard gecko (D:1)
  An orc (D:2)
  2 ball pythons (D:2)
  A giant cockroach (D:3)
  5 goblins
  11 hobgoblins
  4 jackals (D:2)
  3 quokkas (D:2)
  9 bats
  4 frilled lizards
  6 kobolds
  10 rats
62 creatures vanquished.

Notes
Turn   | Place    | Note
-------+----------+-------------------------------------------
     0 | D:1      | tilp the Octopode Transmuter began the quest for the Orb.
     0 | D:1      | Reached XP level 1. HP: 13/13 MP: 3/3
   236 | D:1      | Reached skill level 1 in Stealth
   448 | D:1      | Reached XP level 2. HP: 17/18 MP: 5/5
   668 | D:1      | Reached skill level 2 in Stealth
   675 | D:1      | Learned a level 2 spell: Sticks to Snakes
   961 | D:1      | Reached XP level 3. HP: 20/24 MP: 6/6
   966 | D:1      | Learned a level 3 spell: Spider Form
  1260 | D:2      | Reached skill level 3 in Stealth
  1432 | D:2      | Reached XP level 4. HP: 8/29 MP: 7/7
  1458 | D:2      | HP: 2/43 [poisoned by an adder]
  2006 | D:2      | Reached skill level 4 in Stealth
  2531 | D:3      | You fall into a shaft and drop 3 floors!
  2583 | D:6      | Noticed a centaur
  2628 | D:6      | Slain by a wight

Levels and vault maps discovered:
D:1:      dpeg_arrival_renting, layout_basic
D:2:      layout_basic, serial_bayou_pond_a
D:3:      layout_loops_ring, nicolae_tso_swordbearing_angel
D:6:      minmay_flawed_box, layout_cave_pools, uniq_edmund, uniq_pikel

Skill      XL: |  1  2  3  4 |
---------------+-------------+-----
Stealth        | 1 2 3 4 |  4.5
Fighting       | 2 |  2.0
Dodging        | |  2.0
Unarmed Combat | |  3.0
Spellcasting   | |  2.0
Transmutations | |  2.9

Action                   |  1- 3 |  4- 6 || total
-------------------------+-------+-------++-------
Melee: Spear             |   119 |    56 ||   175
       Tentacles         |    20 |     7 ||    27
       Constrict         |    21 |    13 ||    34
       Kick              |     4 |     2 ||     6
       Punch             |     2 |       ||     2
 Cast: Beastly Appendage |     3 |     2 ||     5
       Sticks to Snakes  |       |     1 ||     1
  Use: Scroll            |     1 |     4 ||     5
       Potion            |       |     2 ||     2
 Stab: Sleeping          |    10 |     3 ||    13
  Eat: Chunk             |     2 |     3 ||     5
Armor: Skin              |     8 |     6 ||    14
Dodge: Dodged            |    51 |    29 ||    80

Table legend:
 A = Non-vault XP
 B = Vault XP
 C = Vault XP percentage of total XP
 D = Non-vault monster count
 E = Vault monster count
 F = Vault count percentage of total count
                 A         B        C        D         E       F
            +---------+---------+-------+---------+---------+-------
      Total |     147 |       0 |   0.0 |      62 |       0 |   0.0
            +---------+---------+-------+---------+---------+-------
        D:1 |      43 |       0 |   0.0 |      27 |       0 |   0.0
        D:2 |      74 |       0 |   0.0 |      32 |       0 |   0.0
        D:3 |       3 |       0 |   0.0 |       2 |       0 |   0.0
        D:6 |      27 |       0 |   0.0 |       1 |       0 |   0.0
            +---------+---------+-------+---------+---------+-------
